AoeStats
← jarodriguezcr

Arabia

509273014Analyzed
1v1 RM · 7d ago on Sep 26, 2026· 26m 12s· 2 players
Game mode
Random Map
Map size
Tiny (2 player)
Population
200
Speed
Normal
Resources
Standard
Victory
Conquest
Starting age
Dark Age
Ending age
Imperial Age
RankedLock teamsTeams togetherTeam positionsShared explorationLock speedFull tech treeHidden civsTurbo modeCheats
Victory
Defeat
🇨🇴 Chinese · Colombia
1002
+17
🇺🇾 Vietnamese · Uruguay
1020
-17
jarodriguezcr
0:54 Loom
10:40 Feudal Age
11:26 Double-Bit Axe
11:23 Horse Collar
13:47 Fletching
21:14 Castle Age
19:43 Padded Archer Armor
21:33 Crossbowman
22:20 Thumb Ring
22:51 Elite Skirmisher
23:56 Bodkin Arrow
Jona_E
2:37 Loom
10:23 Feudal Age
14:50 Double-Bit Axe
18:13 Fletching
18:27 Horse Collar
22:21 Castle Age
20:08 Town Watch
21:47 Gold Mining
23:00 Bodkin Arrow
23:35 Crossbowman
24:20 Padded Archer Armor
Connection lost

Rejoining the realm…

Still unreachable

The connection could not be restored.

Session expired

The server has moved on; the page needs a fresh start.